 Dungeon Crawl Stone Soup version 0.27-a0-423-gf312af23e9 (webtiles) character file.

Game seed: 2052764282155113848

61 siradein the Ruffian (level 4, -1/36 HPs)
             Began as a Ghoul Warper on Feb 27, 2021.
             Slain by a hobgoblin
             ... wielding a +0 club
             ... led by Robin
              (4 damage)
             ... on level 1 of the Dungeon.
             The game lasted 00:04:38 (1060 turns).

siradein the Ruffian (Ghoul Warper)                 Turns: 1060, Time: 00:04:39

Health: -1/36      AC: 10    Str: 14    XL:     4   Next: 7%
Magic:  5/5        EV:  4    Int:  8    God:
Gold:   18         SH:  0    Dex:  9    Spells: 6/6 levels left

rFire    . . .     SeeInvis .     - Unarmed
rCold    + . .     Faith    .   (no shield)
rNeg     + + +     Spirit   .   e - +0 plate armour
rPois    ∞         Reflect  .   (no helmet)
rElec    .         Harm     .   (no cloak)
rCorr    .         Rampage  .   (no gloves)
Will     .....                  (no boots)
Stlth    ..........             (no amulet)
HPRegen  0.00/turn              (no ring)
MPRegen  0.09/turn              (no ring)

@: no status effects
A: claws 1, cold resistance 1, negative energy resistance 3, inhibited
regeneration, torment resistance, unbreathing
a: no special abilities


You were on level 1 of the Dungeon.
You visited 1 branch of the dungeon, and saw 2 of its levels.

You collected 18 gold pieces.

Inventory:

Missiles
 d - 5 boomerangs of dispersal (quivered)
Armour
 e - a +0 plate armour (worn)
 h - a +0 pair of gloves
Scrolls
 c - 2 scrolls of blinking
 i - a scroll of identify {unknown}
Potions
 a - a potion of curing {unknown}
 b - a potion of flight {unknown}
 f - a potion of might {unknown}
 g - a potion of haste {unknown}


   Skills:
 - Level 2.1 Fighting
 - Level 0.8 Throwing
 - Level 0.8 Armour
 - Level 1.7 Dodging
 + Level 4.6 Unarmed Combat
 - Level 1.7 Spellcasting
 - Level 2.6 Translocations


You had 6 spell levels left.
You didn't know any spells.
Your spell library contained the following spells:

 Spells                   Type           Power        Failure   Level
 Blink                    Tloc           N/A          100%        2
 Gell's Gravitas          Tloc           2%           100%        3
 Lesser Beckoning         Tloc           2%           100%        3
 Teleport Other           Tloc           5%           100%        3
 Manifold Assault         Tloc           5%           100%        4


Dungeon Overview and Level Annotations

Branches:
Dungeon (2/15)

Altars:

Annotations:
D:2 Robin


Innate Abilities, Weirdness & Mutations

You thrive by killing the living.
You are immune to poison.
You have sharp fingernails.
Your flesh is cold resistant. (rC+)
You are immune to negative energy. (rN+++)
You do not regenerate when monsters are visible.
You are immune to unholy pain and torment.
You can survive without breathing.


Message History

You scratch the orc priest.
The orc priest is lightly wounded.
The orc hits you with a +0 mace.
* * * LOW HITPOINT WARNING * * *
The orc priest miscasts a cantrip.
You claw the orc priest!
The orc priest is heavily wounded.
The orc hits you but does no damage. x2
The orc priest hits you but does no damage.
The orc hits you.
* * * LOW HITPOINT WARNING * * *
The orc shouts!
You scratch the orc priest. Your claw misses the orc priest.
The orc priest is severely wounded.
The orc hits you but does no damage. x3
You claw the orc priest!
You kill the orc priest!
The orc hits you but does no damage.
You have reached level 4!
The orc barely misses you.
A hobgoblin comes into view. It is wielding a +0 club.
A hobgoblin comes into view. It is wielding a +0 club.
The orc hits you but does no damage.
A goblin comes into view. It is wielding a +0 dagger of venom.
The goblin shouts!
You hear a shout! x2
Robin of the Strong Arm comes into view.
They are wielding a +0 mace.
The hobgoblin completely misses you.
A hobgoblin comes into view. It is wielding a +0 club.
The hobgoblin shouts!
The hobgoblin hits you but does no damage.
Robin roars a battlecry!
The goblins go into a battle-frenzy!
A goblin comes into view. It is wielding a +0 club.
The hobgoblin hits you but does no damage.
There is a stone staircase leading up here.
The hobgoblin hits you but does no damage.
You climb upwards.
There is a stone staircase leading down here.
The hobgoblin hits you with a +0 club.
You die...

...###.....###.................##
.#.#####.........#...............
.#..# #...###.#.........#.######
.##.# ##....#..(.......#...##....
.##.###..##....).......#......###
.##...#.###..............########
)###....##...............### #..
.###.....#.................####.#
.##..###...#...#@......#.........
.##.####...###.#.g.....#..####.#.
.##.........(..........#.#.##..##
.######....###...........##.#####
.###.....#.###........(.###.## ##
..##...#.#..##..#.........#..###.
#........##.....#......#####..#..
##..#..#####..........>....#..#..
#.............##.....##...##...#


You could see a hobgoblin (strong).

Vanquished Creatures
  An orc priest (D:2)
  An orc (D:2)
  A ball python (D:1)
  A giant cockroach (D:1)
  7 goblins (D:1)
  3 hobgoblins (D:1)
  3 jackals (D:1)
  3 kobolds (D:1)
  3 bats (D:1)
  2 frilled lizards (D:1)
  3 rats (D:1)
28 creatures vanquished.

Notes
Turn   | Place    | Note
-------+----------+-------------------------------------------
     0 | D:1      | siradein the Ghoul Warper began the quest for the Orb.
     0 | D:1      | Reached XP level 1. HP: 17/17 MP: 2/2
   358 | D:1      | Reached XP level 2. HP: 23/24 MP: 3/3
   409 | D:1      | Reached skill level 3 in Unarmed Combat
   916 | D:1      | Reached XP level 3. HP: 29/29 MP: 4/4
  1021 | D:2      | Reached skill level 4 in Unarmed Combat
  1040 | D:2      | Reached XP level 4. HP: 3/36 MP: 5/5
  1045 | D:2      | Noticed Robin
  1060 | D:1      | Slain by a hobgoblin

Illustrated notes

Levels and vault maps discovered:
D:1:      dpeg_arrival_simpleton_a, layout_rooms, minmay_misc_feat_ornament,
          kennysheep_pointless_box, minmay_misc_feat_rugged
D:2:      cheibrodos_pilgrimage, layout_basic, uniq_robin

Skill      XL: |  1  2  3 |
---------------+----------+-----
Unarmed Combat | 3 4 |  4.6
Fighting       | |  2.1
Throwing       | |  0.8
Armour         | |  0.8
Dodging        | |  1.7
Spellcasting   | |  1.7
Translocations | |  2.6

Action                   |  1- 3 |  4- 6 || total
-------------------------+-------+-------++-------
Melee: Unarmed           |    99 |       ||    99
       Punch             |     1 |       ||     1
Armor: Plate armour      |   116 |     4 ||   120
Dodge: Dodged            |    23 |     2 ||    25

Table legend: (Time is in decaauts)
 A = Elapsed time spent in this place.
 B = Non-inter-level travel time spent in this place.
 C = Inter-level travel time spent in this place.
 D = Time resting spent in this place.
 E = Time spent auto-exploring this place.
 F = Levels seen in this place.
 G = Mean time per level.
                   A        B        C        D        E       F      G
               +--------+--------+--------+--------+--------+-----+--------+
         Total |   1054 |   1017 |     37 |      0 |    721 |   2 |  527.0 |
       Dungeon |   1054 |   1017 |     37 |      0 |    721 |   2 |  527.0 |
               +--------+--------+--------+--------+--------+-----+--------+

Top non-repeatable levels by time:
     D:1: 1007 daAuts
     D:2: 47 daAuts
